[Event "Titled Tuesday Blitz November 08 Early 2022"]
[White "Ristic, Nebojsa B"]
[Black "Baskakov, Egor"]
[WhiteFideId "935468"]
[BlackFideId "24197866"]
[WhiteElo "2320"]
[BlackElo "2211"]
[Result "0-1"]
[Round "02"]
[TimeControl "180+1"]
[Date "2022.11.09"]
[WhiteClock "0:01:11"]
[BlackClock "0:01:42"]

1. d4 Nf6 2. Bf4 e6 3. e3 d5 4. Nf3 Be7 5. h3 O-O 6. Nbd2 Ne4 7. Nxe4 dxe4 8. Nd2 f5 9. Be2 Bd6 10. Bxd6 cxd6 11. O-O d5 12. c4 Nc6 13. Rc1 f4 14. Bg4 Qg5 15. a3 f3 16. Kh2 fxg2 17. Rg1 Rxf2 18. cxd5 Qxe3 19. Rxg2 Rxg2+ 20. Kxg2 exd5 21. Nf1 Qg5 22. Ng3 Bxg4 23. hxg4 Nxd4 24. Qxd4 Qxc1 25. Qxd5+ Kh8 26. Nxe4 Qxb2+ 27. Kh3 Qxa3+ 28. Kh4 Qe7+ 29. Kh3 Rd8 30. Qc4 Qe5 31. Qc7 Qxc7 0-1


[Site "https://www.chess.com"]

[Event "Titled Tuesday Blitz November 08 Early 2022"]
[White "Ronka, Erik"]
[Black "Adnan, Habib"]
[WhiteFideId "505080"]
[BlackFideId "11202270"]
[WhiteElo "2264"]
[BlackElo "2110"]
[Result "1-0"]
[Round "02"]
[TimeControl "180+1"]
[Date "2022.11.09"]
[WhiteClock "0:00:14"]
[BlackClock "0:00:12"]

1. e4 c5 2. Nf3 Nc6 3. d4 cxd4 4. Nxd4 Nf6 5. Nc3 e5 6. Ndb5 d6 7. Bg5 a6 8. Na3 b5 9. Bxf6 gxf6 10. Nd5 f5 11. Bd3 Be6 12. c3 Bg7 13. Nxb5 axb5 14. Bxb5 Bd7 15. exf5 O-O 16. O-O Rc8 17. Qg4 Kh8 18. a4 f6 19. Qe4 Na5 20. Bxd7 Qxd7 21. Rfd1 Rc4 22. Qe2 Qxf5 23. Ne3 Re4 24. f3 Rxe3 25. Qxe3 Qe6 26. b4 Nc4 27. Qe4 f5 28. Qd5 Qxd5 29. Rxd5 Bh6 30. a5 e4 31. a6 Ra8 32. b5 exf3 33. gxf3 Be3+ 34. Kf1 f4 35. Ke2 Rg8 36. Kd3 Nb6 37. Rxd6 Rc8 38. a7 Ra8 39. c4 Nc8 40. Rd8+ Kg7 41. Rd7+ Kf6 42. Ra6+ Ke5 43. Rd5# 1-0


[Site "https://www.chess.com"]

[Event "Titled Tuesday Blitz November 08 Early 2022"]
[White "Roque Sola, Gisela"]
[Black "Wieczorek, Oskar"]
[WhiteFideId "5120241"]
[BlackFideId "1133950"]
[WhiteElo "1961"]
[BlackElo "2404"]
[Result "0-1"]
[Round "02"]
[TimeControl "180+1"]
[Date "2022.11.09"]
[WhiteClock "0:01:31"]
[BlackClock "0:02:16"]

1. e4 c5 2. Nf3 e6 3. d4 cxd4 4. Nxd4 Nf6 5. Nc3 d6 6. Be3 a6 7. Be2 Qc7 8. O-O b5 9. a3 Bb7 10. Qd3 Nbd7 11. Nb3 Be7 12. Rad1 O-O 13. f4 Rfd8 14. Bf3 Nc5 15. Nxc5 dxc5 16. Qe2 b4 17. axb4 cxb4 18. Na4 Rxd1 19. Rxd1 Bxe4 20. Bxe4 Nxe4 21. Bd4 Qc6 22. Nb6 Rd8 23. c3 bxc3 24. bxc3 Nxc3 25. Bxc3 Qxc3 26. Rxd8+ Bxd8 27. Nc4 Qd4+ 28. Kh1 Qa1+ 0-1


[Site "https://www.chess.com"]

[Event "Titled Tuesday Blitz November 08 Early 2022"]
[White "Roque Sola, Jose Luis"]
[Black "Golizadeh, Asghar"]
[WhiteFideId "5120390"]
[BlackFideId "12505269"]
[WhiteElo "2117"]
[BlackElo "2403"]
[Result "0-1"]
[Round "02"]
[TimeControl "180+1"]
[Date "2022.11.09"]
[WhiteClock "0:00:26"]
[BlackClock "0:01:19"]

1. c4 e5 2. Nc3 Nf6 3. Nf3 Nc6 4. g3 d5 5. cxd5 Nxd5 6. Nxd5 Qxd5 7. d3 Bb4+ 8. Bd2 Bxd2+ 9. Qxd2 Bg4 10. Bg2 O-O-O 11. O-O e4 12. Qf4 Bxf3 13. dxe4 Qxe4 14. Qxe4 Bxe4 15. Bxe4 Rhe8 16. Bxc6 bxc6 17. e3 Rd2 18. b4 Re4 19. a3 Rc4 20. Rfd1 Rcc2 21. Rxd2 Rxd2 22. Kf1 Kd7 23. Ke1 Rb2 24. Rd1+ Ke6 25. Rd2 Rb1+ 26. Rd1 Rb3 27. Ra1 Kd5 28. Ke2 Kc4 29. Rc1+ Kb5 30. Rc5+ Kb6 31. Ra5 c5 32. Ra4 c4 33. Ra5 Rb2+ 34. Ke1 c3 35. Rc5 Rb3 36. Kd1 Rxa3 37. Kc2 Ra2+ 38. Kxc3 Rxf2 39. Rh5 h6 40. Rh4 Re2 41. Kd3 Rb2 42. Kc3 Rg2 43. Kc4 Rc2+ 44. Kd5 Kb5 45. h3 Rd2+ 46. Ke5 c5 47. bxc5 Kxc5 48. Ke4 a5 49. Rh5+ Kb4 50. Rf5 f6 51. g4 a4 52. h4 a3 0-1


[Site "https://www.chess.com"]

[Event "Titled Tuesday Blitz November 08 Early 2022"]
[White "Rosenberg, Evan S"]
[Black "Gholami Orimi, Mahdi"]
[WhiteFideId "2019299"]
[BlackFideId "12558486"]
[WhiteElo "2373"]
[BlackElo "2330"]
[Result "0-1"]
[Round "02"]
[TimeControl "180+1"]
[Date "2022.11.09"]
[WhiteClock "0:00:04"]
[BlackClock "0:02:24"]

1. d4 Nf6 2. Nf3 g6 3. Nc3 Bg7 4. e4 d5 5. e5 Ne4 6. Bd3 Nxc3 7. bxc3 c5 8. O-O Nc6 9. h3 Qa5 10. a4 O-O 11. Ba3 c4 12. Be2 Qxc3 13. a5 Bf5 14. Ra2 Qxa5 15. Qb1 Qb6 16. Rb2 Qa6 17. Ra2 Qb6 18. Rb2 Qa5 19. Ra2 Qc7 20. Qb2 Rfb8 21. c3 a5 22. g4 Bd7 23. Re1 b5 24. Bc5 b4 25. Bf1 bxc3 26. Qxc3 Rb3 27. Qc2 Rxf3 28. Bg2 Rb3 29. Bxd5 Rab8 30. Bxc4 Rxh3 31. Kg2 Bxg4 32. Re3 Rxe3 33. fxe3 Nb4 34. Bxb4 Qb7+ 35. e4 axb4 36. Bd5 b3 37. Bxb7 bxc2 38. Rxc2 Rxb7 39. d5 Bxe5 40. Rc6 h5 41. Kf2 Bd4+ 42. Kg3 g5 43. e5 Bxe5+ 44. Kf2 Bf4 45. Kf1 h4 46. Rc8+ Bxc8 47. d6 exd6 48. Ke1 Bg4 49. Kf1 d5 50. Ke1 d4 51. Kf1 Be3 52. Ke1 Bf3 53. Kf1 g4 54. Ke1 g3 55. Kf1 f5 56. Ke1 f4 57. Kf1 h3 58. Ke1 d3 59. Kf1 Kf7 60. Ke1 Ke6 61. Kf1 Kd5 62. Ke1 Ke4 0-1


[Site "https://www.chess.com"]

[Event "Titled Tuesday Blitz November 08 Early 2022"]
[White "Rosh Jain"]
[Black "Pakleza, Zbigniew"]
[WhiteFideId "25789465"]
[BlackFideId "1119290"]
[WhiteElo "2233"]
[BlackElo "2411"]
[Result "0-1"]
[Round "02"]
[TimeControl "180+1"]
[Date "2022.11.09"]
[WhiteClock "0:00:01"]
[BlackClock "0:00:03"]

1. e4 d6 2. d4 Nf6 3. Bd3 e5 4. Nf3 exd4 5. Nxd4 Nbd7 6. Nc3 Nc5 7. Bg5 Be7 8. O-O O-O 9. Be3 Re8 10. h3 Bf8 11. Qf3 Nxd3 12. cxd3 c6 13. Nde2 d5 14. exd5 Nxd5 15. Nxd5 Qxd5 16. Qxd5 cxd5 17. Nf4 Rd8 18. Rac1 d4 19. Bd2 h6 20. Ne2 Bf5 21. Nf4 g5 22. Nh5 Bxd3 23. Rfe1 Rac8 24. Nf6+ Kg7 25. Ng4 Bf5 26. Ne5 Rxc1 27. Rxc1 Rc8 28. Rxc8 Bxc8 29. Nf3 Bc5 30. a4 Bd7 31. b4 Be7 32. Nxd4 Bf6 33. Nb5 a6 34. Nd6 Bxa4 35. Nxb7 Be7 36. Bc3+ f6 37. Nc5 Bb5 38. f3 Kf7 39. Kf2 a5 40. Ke3 a4 41. g3 Bd6 42. f4 gxf4+ 43. gxf4 Kg6 44. Ne4 Be7 45. Ng3 f5 46. Ne2 a3 47. Nd4 Bc4 48. b5 Bc5 49. Kd2 a2 50. Nc2 Bxb5 51. Na1 Bc4 52. Nc2 Bd6 53. Ne3 Bxf4 54. Bd4 Kh5 0-1


[Site "https://www.chess.com"]

[Event "Titled Tuesday Blitz November 08 Early 2022"]
[White "Rudzinska, Michalina"]
[Black "Parkhov, Yair"]
[WhiteFideId "1172883"]
[BlackFideId "2813408"]
[WhiteElo "2207"]
[BlackElo "2384"]
[Result "0-1"]
[Round "02"]
[TimeControl "180+1"]
[Date "2022.11.09"]
[WhiteClock "0:00:01"]
[BlackClock "0:00:15"]

1. e4 e5 2. Bc4 Nf6 3. d4 Nxe4 4. dxe5 Qh4 5. Qf3 Ng5 6. Qb3 Ne6 7. Nf3 Qe4+ 8. Be3 Nc6 9. Nbd2 Qg6 10. O-O-O Be7 11. Bd3 Qg4 12. a3 Nc5 13. Bxc5 Bxc5 14. h3 Qe6 15. Bc4 Qe7 16. Ne4 O-O 17. Nxc5 Qxc5 18. Ng5 Nxe5 19. Bd5 c6 20. f4 cxd5 21. fxe5 d4 22. Nf3 d6 23. exd6 Be6 24. Qb4 Qd5 25. Rxd4 Qa2 26. Kd2 Rac8 27. Re1 Rfd8 28. g4 a5 29. Qb6 h6 30. Ne5 a4 31. Nd3 Bb3 32. cxb3 axb3 33. Ree4 Qb1 34. Ke3 Qg1+ 35. Kf4 g5+ 36. Ke5 Re8+ 37. Kd5 Rxe4 38. Kxe4 Qg2+ 39. Ke5 Re8+ 40. Kf6 Qf3+ 41. Nf4 Re6+ 42. Kf5 gxf4 43. Qd8+ Kg7 44. d7 Qc6 45. Kxf4 Qc1+ 46. Kf3 Qe3+ 47. Kg2 Qxd4 48. Qh4 Re2+ 0-1


[Site "https://www.chess.com"]

[Event "Titled Tuesday Blitz November 08 Early 2022"]
[White "Safin, Robert"]
[Black "Matlakov, Maxim"]
[WhiteFideId "34189120"]
[BlackFideId "4168003"]
[WhiteElo "2253"]
[BlackElo "2669"]
[Result "0-1"]
[Round "02"]
[TimeControl "180+1"]
[Date "2022.11.09"]
[WhiteClock "0:00:02"]
[BlackClock "0:00:13"]

1. d4 Nf6 2. c4 e6 3. g3 c5 4. d5 exd5 5. cxd5 d6 6. Nc3 g6 7. Bg2 Bg7 8. Nf3 O-O 9. Nd2 Nbd7 10. O-O Re8 11. e4 a6 12. a4 Rb8 13. a5 Ne5 14. Qc2 Qc7 15. h3 b5 16. axb6 Rxb6 17. f4 Ned7 18. Re1 Rb4 19. Kh2 h5 20. Nb3 Nb6 21. Na5 Nbxd5 22. e5 Nxc3 23. exf6 Rxe1 24. Qxc3 Re2 25. Qf3 Rxg2+ 26. Qxg2 Bxf6 27. Ra3 Rb5 28. Nc4 Bb7 29. Qe2 Qc6 30. Qf1 Qd5 31. Re3 Rb4 32. b3 Bd4 33. Re8+ Kg7 34. Re7 Rxb3 35. f5 Rf3 36. f6+ Rxf6 0-1


[Site "https://www.chess.com"]

[Event "Titled Tuesday Blitz November 08 Early 2022"]
[White "Salman, Pavel"]
[Black "Pinero Rodriguez, Carlos Jose"]
[WhiteFideId "24153753"]
[BlackFideId "3901726"]
[WhiteElo "2187"]
[BlackElo "2146"]
[Result "1-0"]
[Round "02"]
[TimeControl "180+1"]
[Date "2022.11.09"]
[WhiteClock "0:01:25"]
[BlackClock "0:02:23"]

1. d4 Nf6 2. Nc3 e6 3. g3 d5 4. Bg2 Be7 5. Bf4 O-O 6. Nf3 b6 7. Ne5 a6 8. e4 Bb7 9. Qe2 Nbd7 10. O-O-O Bb4 11. Nxd7 Qxd7 12. e5 Bxc3 13. exf6 Bb4 14. Qg4 g6 15. h4 Rfd8 16. h5 Bd6 17. hxg6 fxg6 18. Rh6 Qf7 19. Rdh1 Bc8 20. Rxh7 Qxh7 21. Rxh7 Kxh7 22. Qh4+ Kg8 1-0


[Site "https://www.chess.com"]

[Event "Titled Tuesday Blitz November 08 Early 2022"]
[White "Samaganova, Aleksandra"]
[Black "Roux, Baptiste"]
[WhiteFideId "13800221"]
[BlackFideId "36017450"]
[WhiteElo "1864"]
[BlackElo "2077"]
[Result "0-1"]
[Round "02"]
[TimeControl "180+1"]
[Date "2022.11.09"]
[WhiteClock "0:00:00"]
[BlackClock "0:01:03"]

1. c4 e5 2. Nc3 Nc6 3. g3 g6 4. Bg2 Bg7 5. e3 d6 6. Nge2 h5 7. h3 Nge7 8. d4 exd4 9. exd4 Nf5 10. d5 Ne5 11. b3 O-O 12. Bb2 Re8 13. O-O a6 14. Qd2 Rb8 15. f4 Nd7 16. Rf2 Qe7 17. Ne4 Nc5 18. Nxc5 dxc5 19. Bxg7 Kxg7 20. Nc3 Nxg3 21. a3 Bf5 22. Kh2 h4 23. Bf3 Qe3 24. b4 cxb4 25. axb4 Qxd2 26. Rxd2 Re3 27. Bg4 Rxc3 28. Bxf5 Nxf5 29. c5 Re8 30. Rad1 Ree3 31. d6 cxd6 0-1


[Site "https://www.chess.com"]

[Event "Titled Tuesday Blitz November 08 Early 2022"]
[White "Sanchez, Robert"]
[Black "Lohani, Sujana"]
[WhiteFideId "2034360"]
[BlackFideId "12311987"]
[WhiteElo "2402"]
[BlackElo "1691"]
[Result "1-0"]
[Round "02"]
[TimeControl "180+1"]
[Date "2022.11.09"]
[WhiteClock "0:02:09"]
[BlackClock "0:00:07"]

1. e4 g6 2. d4 Bg7 3. Nc3 d6 4. Be3 c6 5. f3 Nd7 6. Qd2 Qc7 7. O-O-O e5 8. Kb1 exd4 9. Bxd4 Ne5 10. f4 c5 11. Nb5 Qc6 12. Bc3 Be6 13. Nxd6+ Kf8 14. fxe5 Ne7 15. Nf3 h5 16. Ng5 Bh6 17. Nxe6+ fxe6 18. Qf2+ Kg7 19. Qf7# 1-0


[Site "https://www.chess.com"]

[Event "Titled Tuesday Blitz November 08 Early 2022"]
[White "Saucey, Michel"]
[Black "Hasangatin, Ramil"]
[WhiteFideId "601845"]
[BlackFideId "4122160"]
[WhiteElo "2253"]
[BlackElo "2362"]
[Result "1-0"]
[Round "02"]
[TimeControl "180+1"]
[Date "2022.11.09"]
[WhiteClock "0:00:29"]
[BlackClock "0:00:39"]

1. d4 d6 2. e4 Nf6 3. Nc3 e5 4. Nf3 Nbd7 5. Bc4 Be7 6. O-O O-O 7. a4 c6 8. Re1 exd4 9. Nxd4 Ne5 10. Ba2 Re8 11. h3 Bf8 12. Bf4 Qc7 13. Bh2 Ng6 14. Bb3 Bd7 15. a5 b5 16. axb6 axb6 17. Rxa8 Rxa8 18. Nf5 Bxf5 19. exf5 Ne5 20. Bxe5 dxe5 21. Qe2 Re8 22. Ne4 Nxe4 23. Qxe4 b5 24. f6 g6 25. g4 Bh6 26. h4 Qd7 27. g5 Bf8 28. Kg2 Kh8 29. c3 c5 30. Rd1 Qc8 31. Bd5 Qc7 32. c4 bxc4 33. Bxc4 Rd8 34. Rxd8 Qxd8 35. Bxf7 Qd4 36. Qxd4 exd4 37. b3 Bd6 38. Kf3 Bc7 39. Bc4 Ba5 40. Kg4 Be1 41. f4 Bf2 42. h5 Be3 43. f5 gxh5+ 44. Kxh5 Bf4 45. g6 hxg6+ 46. fxg6 1-0


[Site "https://www.chess.com"]

[Event "Titled Tuesday Blitz November 08 Early 2022"]
[White "Schmakel, Sam"]
[Black "Gonzalez Vega, Alejandro"]
[WhiteFideId "2039311"]
[BlackFideId "3510042"]
[WhiteElo "2356"]
[BlackElo "2292"]
[Result "1-0"]
[Round "02"]
[TimeControl "180+1"]
[Date "2022.11.09"]
[WhiteClock "0:01:22"]
[BlackClock "0:00:08"]

1. Nf3 d5 2. g3 Nf6 3. Bg2 Bf5 4. O-O e6 5. b3 h6 6. Bb2 Be7 7. d3 Bh7 8. Nbd2 O-O 9. c4 c6 10. a3 a5 11. Ne5 Nbd7 12. Ndf3 Bd6 13. Nxd7 Nxd7 14. e4 dxe4 15. dxe4 Nc5 16. Nd2 Be7 17. Qe2 Qd3 18. Qxd3 Nxd3 19. Bc3 Rfd8 20. h3 Bc5 21. e5 Bd4 22. Bxd4 Rxd4 23. Nf3 Rd7 24. Rfd1 Rad8 25. Rd2 Nxe5 26. Rxd7 Nxf3+ 27. Bxf3 Rxd7 28. b4 axb4 29. axb4 Bf5 30. g4 Bg6 31. b5 cxb5 32. cxb5 b6 33. Ra8+ Kh7 34. Rb8 Rd3 35. Kg2 e5 36. Bc6 e4 37. Rxb6 Rd2 38. Kg3 Rd3+ 39. Kg2 Rd2 40. Kf1 Rb2 41. Rb8 e3 42. fxe3 Bd3+ 43. Ke1 Re2+ 44. Kd1 Rxe3 45. b6 Rxh3 46. b7 Ba6 47. Rh8+ Kxh8 48. b8=Q+ Kh7 49. Be4+ g6 50. Qc7 1-0


[Site "https://www.chess.com"]

[Event "Titled Tuesday Blitz November 08 Early 2022"]
[White "Schmidt, Tobias"]
[Black "Kis, Lorand Bela"]
[WhiteFideId "1271683"]
[BlackFideId "2024098"]
[WhiteElo "2328"]
[BlackElo "2085"]
[Result "0-1"]
[Round "02"]
[TimeControl "180+1"]
[Date "2022.11.09"]
[WhiteClock "0:00:07"]
[BlackClock "0:00:59"]

1. d3 g6 2. h4 h5 3. e4 Bg7 4. Nc3 c6 5. Nf3 d5 6. Bg5 Nf6 7. e5 Ng4 8. d4 Nh6 9. Qd2 Qb6 10. O-O-O Bg4 11. Be2 Nf5 12. Rhe1 e6 13. Ng1 Bxe2 14. Ngxe2 c5 15. dxc5 Qxc5 16. Bf6 Bh6 17. Bg5 Bg7 18. Qf4 Nc6 19. Bf6 Bxf6 20. exf6 O-O-O 21. Ng3 Nxg3 22. Qxg3 a6 23. f4 Qd6 24. Ne4 Qb4 25. Ng5 Rd7 26. Rd3 Qd6 27. Ne4 Qc7 28. Nc5 Rdd8 29. Nb3 Kb8 30. Kb1 Rc8 31. Re2 Rhd8 32. Qe3 Na5 33. Rc3 Nc4 34. Qc1 Qd6 35. g3 b6 36. Nd2 Na5 37. Rxc8+ Rxc8 38. Nb3 Nc4 39. Nd2 Qc5 40. Nxc4 Qxc4 41. Re3 b5 42. Rc3 Qe4 43. Rxc8+ Kxc8 44. a3 Kb7 45. Qd2 Qc4 46. b3 Qf1+ 47. Kb2 Qf3 48. Qc3 Qxc3+ 49. Kxc3 Kc6 50. Kd4 Kd6 51. b4 Kc6 52. Ke5 Kd7 53. Kd4 Kc6 54. Kc3 Kd6 55. Kb3 e5 56. a4 exf4 57. gxf4 Ke6 58. axb5 axb5 59. Kc3 Kxf6 60. Kd4 Ke6 61. Kc5 f6 62. Kxb5 g5 63. fxg5 fxg5 64. hxg5 h4 65. Ka6 h3 66. b5 h2 67. b6 h1=Q 68. b7 Qa1+ 69. Kb6 Qb2+ 70. Ka7 Qa3+ 71. Kb6 Qb4+ 72. Ka7 Qa5+ 73. Kb8 Kf5 74. Kc8 Qc5+ 75. Kd7 Qb5+ 76. Kc7 Qc5+ 77. Kd7 Qa7 78. Kc7 Kxg5 79. Kc8 Qc5+ 80. Kd7 Qb6 81. Kc8 Qc6+ 82. Kb8 Qxc2 83. Ka7 Qb3 84. b8=Q Qxb8+ 85. Ka6 d4 86. Ka5 d3 87. Ka4 d2 88. Ka3 d1=Q 89. Ka2 Qd7 90. Ka1 Qda7# 0-1


[Site "https://www.chess.com"]

[Event "Titled Tuesday Blitz November 08 Early 2022"]
[White "Selbes, Tarik"]
[Black "Alhadad, Mahmoud"]
[WhiteFideId "6302513"]
[BlackFideId "11501863"]
[WhiteElo "2290"]
[BlackElo "1955"]
[Result "1/2-1/2"]
[Round "02"]
[TimeControl "180+1"]
[Date "2022.11.09"]
[WhiteClock "0:00:11"]
[BlackClock "0:00:14"]

1. e4 d5 2. exd5 Nf6 3. Nf3 Bg4 4. Be2 Qxd5 5. Nc3 Qf5 6. Nd4 Qe5 7. Ndb5 Bxe2 8. Qxe2 Qxe2+ 9. Kxe2 Na6 10. d3 c6 11. Nd4 O-O-O 12. Nb3 Nb4 13. Kd1 Ng4 14. Be3 Nxe3+ 15. fxe3 e5 16. e4 Na6 17. Rf1 f6 18. g4 h6 19. Ke2 Nc5 20. Nxc5 Bxc5 21. Rf5 Bd4 22. h4 b5 23. Rg1 Kc7 24. Rg2 Kd6 25. g5 hxg5 26. hxg5 Ke6 27. gxf6 gxf6 28. Nd1 Rdg8 29. Rxg8 Rxg8 30. c3 Bb6 31. Ne3 Bxe3 32. Kxe3 Rg2 33. Rf2 Rxf2 34. Kxf2 f5 35. exf5+ Kxf5 36. Kf3 c5 37. b3 a5 38. a4 b4 39. c4 Kf6 40. Ke3 Kf5 41. Kf3 Kf6 42. Kf2 Kg5 43. Ke3 Kf5 44. Kf3 1/2-1/2


[Site "https://www.chess.com"]

[Event "Titled Tuesday Blitz November 08 Early 2022"]
[White "Seo, Jung Min"]
[Black "Mendez Fortes, Eduardo Jesus"]
[WhiteFideId "1734687"]
[BlackFideId "3502376"]
[WhiteElo "2455"]
[BlackElo "2307"]
[Result "1/2-1/2"]
[Round "02"]
[TimeControl "180+1"]
[Date "2022.11.09"]
[WhiteClock "0:00:07"]
[BlackClock "0:00:06"]

1. e4 e5 2. Nf3 Nc6 3. Bb5 Nf6 4. d3 Bc5 5. Bxc6 dxc6 6. Nbd2 Nd7 7. Nc4 Qe7 8. Bd2 f6 9. Qe2 Nb6 10. Na5 Bd6 11. h3 c5 12. g4 Be6 13. Nxb7 c4 14. Nxd6+ Qxd6 15. Bc3 cxd3 16. cxd3 O-O-O 17. d4 Bc4 18. Qe3 exd4 19. Nxd4 Rhe8 20. O-O-O Qc5 21. Nf5 Qxe3+ 22. fxe3 Rxd1+ 23. Rxd1 Rxe4 24. b3 Bf7 25. Bd4 g6 26. Ng3 Re6 27. Rf1 Nd5 28. e4 Nb4 29. Kb1 Ra6 30. Rxf6 Rxf6 31. Bxf6 Nd3 32. Bd4 Nf4 33. h4 Be6 34. g5 Ng2 35. h5 Kb7 36. Kc1 Ne1 37. Kd1 Nf3 38. hxg6 hxg6 39. Bf6 Bg4 40. Kc2 Kc6 41. Kc3 Kd6 42. Nf1 Be6 43. Ne3 c6 44. Nc4+ Kc5 45. b4+ Kb5 46. Nd6+ Ka4 47. Nc4 Kb5 48. Na3+ Ka4 49. Nc4 Kb5 1/2-1/2


[Site "https://www.chess.com"]

[Event "Titled Tuesday Blitz November 08 Early 2022"]
[White "Shimanov, Aleksandr"]
[Black "Paszewski, Mateusz"]
[WhiteFideId "4198603"]
[BlackFideId "1141058"]
[WhiteElo "2605"]
[BlackElo "2263"]
[Result "1-0"]
[Round "02"]
[TimeControl "180+1"]
[Date "2022.11.09"]
[WhiteClock "0:00:15"]
[BlackClock "0:00:48"]

1. d4 d5 2. c4 e6 3. Nf3 a6 4. cxd5 exd5 5. Nc3 c6 6. Bg5 Be7 7. h4 h6 8. Bf4 Bd6 9. Qd2 Nf6 10. Ne5 Qe7 11. e3 Nbd7 12. Nxd7 Bxd7 13. Bxd6 Qxd6 14. f3 O-O-O 15. O-O-O Bf5 16. g4 Bg6 17. Bh3 Kb8 18. Qh2 Rhe8 19. Kd2 Re7 20. Qxd6+ Rxd6 21. g5 hxg5 22. hxg5 Ne8 23. Bg4 Rd8 24. Rh8 Kc7 25. b3 Nd6 26. Rxd8 Kxd8 27. Rh1 Re8 28. Na4 Bf5 29. Bxf5 Nxf5 30. Re1 Rh8 31. Nc5 Kc7 32. Re2 Rh3 33. f4 a5 34. Nd3 Ng3 35. Rg2 Nf1+ 36. Ke2 Nxe3 37. Rg1 Nf5 38. Ne5 Nxd4+ 39. Kf2 f6 40. gxf6 gxf6 41. Rg7+ Kb6 42. Nd7+ Kb5 43. Nxf6 Rf3+ 44. Kg2 Rxf4 45. Nh5 Re4 46. Ng3 Re3 47. Rxb7+ Ka6 48. Rf7 Rc3 49. Rf2 Kb5 50. Rd2 Ne6 51. Ne2 Re3 52. Kf2 Re4 53. Nc3+ Kb4 54. Nxe4 dxe4 55. Rc2 c5 56. Rc4+ Ka3 57. Ra4+ Kb2 58. Rxa5 Nd4 59. Ke3 Nc2+ 60. Kxe4 Nb4 61. a3 Nc2 62. Rxc5 Nxa3 63. b4 Kb3 64. b5 Kb4 65. b6 1-0


[Site "https://www.chess.com"]

[Event "Titled Tuesday Blitz November 08 Early 2022"]
[White "Shipov, Sergei"]
[Black "Gheorghiu, Calin"]
[WhiteFideId "4113624"]
[BlackFideId "1200305"]
[WhiteElo "2789"]
[BlackElo "2225"]
[Result "1-0"]
[Round "02"]
[TimeControl "180+1"]
[Date "2022.11.09"]
[WhiteClock "0:00:14"]
[BlackClock "0:00:07"]

1. d4 Nf6 2. c4 e6 3. Nc3 Bb4 4. Qc2 O-O 5. a3 Bxc3+ 6. Qxc3 d5 7. e3 c5 8. dxc5 Ne4 9. Qc2 Qf6 10. Nf3 Na6 11. Rb1 Naxc5 12. b4 Nd7 13. Bb2 Qg6 14. Bd3 Ndf6 15. O-O b6 16. Ne5 Qh5 17. cxd5 exd5 18. f3 Ng5 19. Rbc1 Be6 20. Qf2 Rac8 21. Qg3 Qh6 22. Nc6 Nh5 23. Qd6 Kh8 24. Ne7 Rcd8 25. Qe5 f6 26. Qd4 Rfe8 27. Nc6 Rd7 28. a4 Bf7 29. Rce1 Rd6 30. b5 Rde6 31. Bf5 Rxe3 32. Rxe3 Rxe3 33. Bc1 Re8 34. h4 Ng3 35. hxg5 Qh1+ 36. Kf2 Nxf1 37. gxf6 g6 38. Bh3 Nh2 39. Bd2 Nf1 40. Bh6 Nh2 41. Bg7+ Kg8 42. Ne7+ Rxe7 43. fxe7 Nxf3 44. Kxf3 Qf1+ 45. Kg3 Qe1+ 46. Kh2 Qxe7 47. Qe5 Qxe5+ 48. Bxe5 1-0


[Site "https://www.chess.com"]

[Event "Titled Tuesday Blitz November 08 Early 2022"]
[White "Shohat, Yotam"]
[Black "Boros, Denes"]
[WhiteFideId "2813955"]
[BlackFideId "722340"]
[WhiteElo "2216"]
[BlackElo "2464"]
[Result "0-1"]
[Round "02"]
[TimeControl "180+1"]
[Date "2022.11.09"]
[WhiteClock "0:00:02"]
[BlackClock "0:01:20"]

1. e4 c6 2. d3 g6 3. f4 Bg7 4. Nf3 d5 5. Nbd2 Qb6 6. c3 Nh6 7. h3 Nd7 8. d4 c5 9. e5 Nf5 10. Bd3 Ng3 11. Rg1 f5 12. exf6 Bxf6 13. Kf2 Nh5 14. Nf1 cxd4 15. cxd4 O-O 16. g4 e5 17. gxh5 e4 18. Be3 exd3 19. Qxd3 Qxb2+ 20. N1d2 Qb6 21. hxg6 Bg7 22. gxh7+ Kh8 23. Rxg7 Kxg7 24. Rg1+ Kh8 25. Rg6 Nf6 26. Ne5 Qc7 27. Ndf3 Bf5 28. Qxf5 Ne4+ 29. Qxe4 dxe4 30. Ng5 Rae8 31. Kg3 Qc3 32. Nef7+ Rxf7 33. Nxf7+ Kxh7 34. Rh6+ Kg7 0-1


[Site "https://www.chess.com"]

[Event "Titled Tuesday Blitz November 08 Early 2022"]
[White "Shuvalova, Polina"]
[Black "Dominguez Perez, Leinier"]
[WhiteFideId "24171760"]
[BlackFideId "3503240"]
[WhiteElo "2342"]
[BlackElo "2647"]
[Result "1-0"]
[Round "02"]
[TimeControl "180+1"]
[Date "2022.11.08"]
[WhiteClock "0:00:32"]
[BlackClock "0:00:58"]

1. d4 Nf6 2. Nf3 d5 3. Bf4 e6 4. e3 c5 5. Nbd2 Qb6 6. Rb1 Bd6 7. dxc5 Qxc5 8. c3 O-O 9. Nb3 Qc7 10. Bxd6 Qxd6 11. Be2 Rd8 12. O-O Nc6 13. c4 b6 14. Nbd4 Bb7 15. Nxc6 Bxc6 16. Qd4 Rac8 17. Rfd1 Qe7 18. Qf4 dxc4 19. Rxd8+ Qxd8 20. Rd1 Qe7 21. Qxc4 h6 22. h3 Bb7 23. Qd4 Bd5 24. b3 Rc2 25. Rd2 Qc7 26. Rxc2 Qxc2 27. Qd2 Qb1+ 28. Bf1 Ne4 29. Qe2 Nc3 30. Qa6 g6 31. Qc8+ Kh7 32. Qxc3 Qxa2 33. Qf6 1-0


[Site "https://www.chess.com"]

[Event "Titled Tuesday Blitz November 08 Early 2022"]
[White "Sibilio, Mario"]
[Black "Gu, Xiaobing"]
[WhiteFideId "800422"]
[BlackFideId "8602611"]
[WhiteElo "2251"]
[BlackElo "2174"]
[Result "1-0"]
[Round "02"]
[TimeControl "180+1"]
[Date "2022.11.09"]
[WhiteClock "0:00:06"]
[BlackClock "0:00:23"]

1. e4 c5 2. Nf3 d6 3. b3 Nf6 4. e5 dxe5 5. Nxe5 e6 6. Bb2 Bd6 7. f4 O-O 8. Na3 Na6 9. Nac4 Bb8 10. a3 Nc7 11. Bd3 Ncd5 12. O-O b5 13. Ne3 Bb7 14. Bxb5 Ne4 15. Bd3 Nxe3 16. dxe3 f6 17. Qf3 Nd6 18. Qh3 Nf5 19. Rad1 Qb6 20. Nc4 Qc7 21. Bxf5 exf5 22. Qxf5 Qc6 23. Rf2 Bc7 24. Qg4 Rae8 25. h4 Kh8 26. Rd7 Bc8 27. Qxg7# 1-0


[Site "https://www.chess.com"]

[Event "Titled Tuesday Blitz November 08 Early 2022"]
[White "Simonovic, Miroslav"]
[Black "Mazurkiewicz, Michal"]
[WhiteFideId "919152"]
[BlackFideId "1124943"]
[WhiteElo "2043"]
[BlackElo "2063"]
[Result "0-1"]
[Round "02"]
[TimeControl "180+1"]
[Date "2022.11.09"]
[WhiteClock "0:00:01"]
[BlackClock "0:00:22"]

1. d4 Nf6 2. Bg5 e6 3. e4 Be7 4. Bxf6 Bxf6 5. e5 Be7 6. Qg4 g6 7. Bd3 d6 8. f4 c5 9. dxc5 dxe5 10. fxe5 Qa5+ 11. b4 Qc7 12. Nf3 Nc6 13. Qe4 a5 14. b5 Nb4 15. a3 Nxd3+ 16. cxd3 Qxc5 17. a4 O-O 18. Nbd2 Rd8 19. d4 Qd5 20. O-O b6 21. Qxd5 Rxd5 22. Rfc1 Rd7 23. Rc4 Bb7 24. Rac1 Bd8 25. Kf2 Bd5 26. Rc8 Kg7 27. Ke3 Rxc8 28. Rxc8 Bb7 29. Rc4 Be7 30. Ne4 h6 31. g4 Kf8 32. h4 Ke8 33. h5 g5 34. Rc2 Kd8 35. Nfd2 Rc7 36. Rxc7 Kxc7 37. Nc4 Bd5 38. Ned6 Bxd6 39. Nxd6 f5 40. gxf5 exf5 41. Nxf5 Bf7 42. Nxh6 Bxh5 43. d5 Bd1 44. Ke4 Bc2+ 0-1


[Site "https://www.chess.com"]